 Dungeon Crawl Stone Soup version 0.31-a0-986-g5e6e4ef867 (webtiles) character file.

Game seed: 12224168438946038947

137 Xavori the Trooper (level 5, 0/40 HPs)
             Began as a Djinni Chaos Knight on Nov 7, 2023.
             Was a Plaything of Xom.
             Slain by a spark wasp (glowing shapeshifter) (9 damage)
             ... on level 3 of the Dungeon.
             The game lasted 00:03:28 (10458 turns).

Xavori the Trooper (Djinni Chaos Knight)           Turns: 10458, Time: 00:03:28

Health: 0/40       AC:  9    Str:  9 (11) XL:     5   Next: 44%
Gold:   110        EV: 11    Int: 12 (14) God:    Xom [.....*] SH:  0 Dex:  9 (12)

rFire   + + .        a - +0 falchion (chaos)
rCold   x . .        (no shield)
rNeg    . . .        b - +2 leather armour
rPois   ∞            (no helmet)
rElec   +            (no cloak)
rCorr   .            (no gloves)
SInv    .            (boots unavailable)
Will    +....        (no amulet)
Stlth   +            (no ring)
HPRegen 0.26/turn    (no ring)
MPRegen 0.00/turn

%: infuse magic (-1 HP)
@: enlightened, flying, invisible
A: sickness immunity, fire resistance 2, cold vulnerability 1, float, innate
caster, HP casting, extra vitality 1, iridescent scales 2, clumsy 1, electricity
resistance, noise suppression
a: Renounce Religion


You were on level 3 of the Dungeon.
You worshipped Xom.
You were Xom's teddy bear.
You visited 1 branch of the dungeon, and saw 3 of its levels.

You collected 110 gold pieces.

Inventory:

Hand Weapons
 a - a +0 falchion of chaos (weapon)
Armour
 b - a +2 leather armour (worn)
Wands
 f - a wand of iceblast (3)
Scrolls
 c - a scroll of butterflies
 e - a scroll of revelation {unknown}
 g - a scroll of enchant armour {unknown}
 h - 2 scrolls of identify {unknown}
 k - 2 scrolls of amnesia {unknown}
Potions
 d - a potion of might {unknown}
 i - a potion of curing
 m - a potion of ambrosia


   Skills:
 + Level 3.6 Fighting
 + Level 3.2 Long Blades
 + Level 2.1 Armour
 + Level 3.1 Dodging
 * Level 1.5 Spellcasting
 * Level 1.5 Conjurations
 * Level 1.5 Hexes
   Level 0.0 Charms
 * Level 1.5 Summonings
 * Level 1.5 Necromancy
 * Level 1.5 Translocations
 * Level 1.5 Transmutations
 * Level 1.5 Fire Magic
 * Level 1.5 Ice Magic
 * Level 1.5 Air Magic
 * Level 1.5 Earth Magic
 * Level 1.5 Poison Magic


You knew the following spells:

 Your Spells              Type           Power      Damage    Failure   Level
a - Kiss of Death         Conj/Necr      16%        2d6       22%         1
b - Jinxbite              Hex            8%         N/A       32%         2
Your spell library was empty.

Dungeon Overview and Level Annotations

Branches:
Dungeon (3/15)

Altars:
Trog


Innate Abilities, Weirdness & Mutations

You are immune to sickness and miasma.
You are immune to poison.
Your flesh is very heat resistant. (rF++)
You are vulnerable to cold. (rC-)
You float through the air rather than walking.
You learn spells naturally, not from books.
Your magical power is your life essence.
You have superior vitality. (+4 MHP)
You are mostly covered in iridescent scales. (AC +4)
You are clumsy. (Dex -2)
You are resistant to electric shocks. (rElec)
You passively dampen the noise of your surroundings.


Message History

The elephant is heavily wounded.
Xom's power touches on your mind for a moment.
The elephant looks rather confused.
The elephant changes into an eye of devastation!
Unknown command.
Okay, then.
It was a potion of curing.
You feel better.
Xom roars with laughter!
It was a potion of ambrosia.
You are confused.
You feel invigorated.
Xom roars with laughter!
You feel less invigorated.
You feel less confused.
You completely miss the eye of devastation.
The eye of devastation gazes at you. The bolt of energy hits you!!
Ouch! That really hurt!
* * * LOW HITPOINT WARNING * * *
A shower of butterflies erupts from you!
The bolt of energy hits your butterfly!!
Your butterfly is blown up!
Your butterfly disappears in a puff of smoke!
It was a potion of degeneration.
There was something very wrong with that liquid.
You feel weakened.
You feel dopey.
You feel clumsy.
It was a potion of enlightenment.
You feel more buoyant.
The eye of devastation changes into a glowing shapeshifter!
It was a potion of invisibility.
You fade into invisibility!
The glowing shapeshifter changes into a spark wasp!
You hit the spark wasp. You burn the spark wasp.
The spark wasp is lightly wounded.
The spark wasp barely misses you.
You barely miss the spark wasp.
The spark wasp is lightly wounded.
The spark wasp stings you!
You die...
Xom giggles madly!

############
#..........##
.^..........############
........................
...†...........##.....##
........................
..................b.....
......................<.
................@.b.....
...........)...by.......
......##................
....#.##.........b......
.#.##..##..............#
[#. ##.###.....#.......#
# #.#######.###...... #
#..## ###..# ..#### #.
....##...... ..#


You could see a spark wasp shaped shifter (unable to see you, ally target).

Vanquished Creatures
  An orc priest (D:3)
  4 adders
  A worm (D:2)
  A dart slug (D:1)
  7 orcs (D:3)
  9 ball pythons
  7 bats
  5 endoplasms
  3 giant cockroaches
  A goblin (D:1)
  2 hobgoblins
  2 jackals (D:1)
  7 kobolds
  2 quokkas
  3 frilled lizards
  4 rats
59 creatures vanquished.

Notes
Turn   | Place    | Note
-------+----------+-------------------------------------------
     0 | D:1      | Xavori the Djinni Chaos Knight began the quest for the Orb.
     0 | D:1      | Reached XP level 1. HP: 20/20 MP: 0/0
    76 | D:1      | Reached XP level 2. HP: 25/25 MP: 0/0
   314 | D:1      | Reached XP level 3. HP: 22/30 MP: 0/0
   314 | D:1      | Learned a level 1 spell: Kiss of Death
   351 | D:1      | XOM: cloud trail
   850 | D:1      | XOM: silly message
  1949 | D:1      | XOM: noise
  2456 | D:1      | XOM is BORED!
  2456 | D:1      | XOM: summons 4 hostile shadow creatures
  2611 | D:1      | XOM: summons 2 hostile demons
  2612 | D:1      | Noticed a soul eater
  2612 | D:1      | Noticed an ice devil
  2978 | D:2      | XOM: 2-stop teleportation journey
  3012 | D:2      | XOM: give mutations
  3012 | D:2      | Gained mutation: You are clumsy. (Dex -2) [Xom's mischief]
  3012 | D:2      | Gained mutation: You are frail. (-10% HP) [Xom's mischief]
  3012 | D:2      | Gained mutation: You have hidden genetic defects. [Xom's
                  | mischief]
  4100 | D:1      | XOM: noise
  4230 | D:1      | XOM: give mutations
  4230 | D:1      | Gained mutation: You are very clumsy. (Dex -4) [Xom's
                  | mischief]
  4230 | D:1      | Gained mutation: You expend health (3 HP) to strengthen
                  | your wands. [Xom's mischief]
  4230 | D:1      | Lost mutation: You have hidden genetic defects. [Xom's
                  | mischief]
  4230 | D:1      | Lost mutation: You expend health (3 HP) to strengthen your
                  | wands. [Xom's mischief]
  4483 | D:1      | XOM: torment (15/27 hp)
  4675 | D:1      | XOM: give mutations
  4675 | D:1      | Gained mutation: Your flesh is almost immune to the effects
                  | of heat. (rF+++) [Xom's mischief]
  4675 | D:1      | Lost mutation: Your flesh is almost immune to the effects
                  | of heat. (rF+++) [Xom's mischief]
  4675 | D:1      | Gained mutation: You passively dampen the noise of your
                  | surroundings. [Xom's mischief]
  4871 | D:1      | XOM: summons 1 hostile demon
  5811 | D:1      | XOM: give mutations
  5811 | D:1      | Gained mutation: You are weak. (Str -2) [Xom's mischief]
  5811 | D:1      | Lost mutation: You are weak. (Str -2) [Xom's mischief]
  5811 | D:1      | Lost mutation: You are very clumsy. (Dex -4) [Xom's
                  | mischief]
  5811 | D:1      | Gained mutation: You are resistant to electric shocks.
                  | (rElec) [Xom's mischief]
  6205 | D:1      | XOM: summons 4 hostile shadow creatures
  7144 | D:1      | XOM is BORED!
  7587 | D:1      | XOM: divination: detect items
  8199 | D:1      | XOM: silly message
  8307 | D:1      | XOM: god gift: wand of iceblast (5)
  9031 | D:1      | XOM: give mutations
  9031 | D:1      | Gained mutation: You are partially covered in iridescent
                  | scales. (AC +2) [Xom's grace]
  9031 | D:1      | Lost mutation: You are frail. (-10% HP) [Xom's grace]
  9031 | D:1      | Gained mutation: You are mostly covered in iridescent
                  | scales. (AC +4) [Xom's grace]
  9098 | D:2      | XOM: divination: detect creatures
  9137 | D:2      | Found a bloodstained altar of Trog.
  9230 | D:2      | XOM: 2-stop teleportation journey
  9351 | D:2      | Reached skill level 1 in Spellcasting
  9351 | D:2      | Reached skill level 1 in Conjurations
  9351 | D:2      | Reached skill level 1 in Hexes
  9351 | D:2      | Reached skill level 1 in Summonings
  9351 | D:2      | Reached skill level 1 in Necromancy
  9351 | D:2      | Reached skill level 1 in Translocations
  9351 | D:2      | Reached skill level 1 in Transmutations
  9351 | D:2      | Reached skill level 1 in Fire Magic
  9351 | D:2      | Reached skill level 1 in Ice Magic
  9351 | D:2      | Reached skill level 1 in Air Magic
  9351 | D:2      | Reached skill level 1 in Earth Magic
  9351 | D:2      | Reached skill level 1 in Poison Magic
  9582 | D:2      | Reached XP level 4. HP: 35/35 MP: 0/0
  9795 | D:2      | XOM: god gift: book of Weapons
 10149 | D:3      | Reached XP level 5. HP: 6/40 MP: 0/0
 10149 | D:3      | Learned a level 2 spell: Jinxbite
 10207 | D:2      | XOM: god gift: +0 great sword of chaos
 10310 | D:3      | XOM: god gift: Fen Folio
 10400 | D:3      | XOM: 2-stop teleportation journey
 10443 | D:3      | a giant cockroach changed into a glowing shapeshifter
 10443 | D:3      | Noticed a glowing shapeshifter (glowing shapeshifter)
 10443 | D:3      | a glowing shapeshifter changed into an elephant
 10443 | D:3      | Noticed an elephant (glowing shapeshifter)
 10448 | D:3      | XOM: confuse monster(s)
 10448 | D:3      | an elephant changed into an eye of devastation
 10448 | D:3      | Noticed an eye of devastation (glowing shapeshifter)
 10453 | D:3      | XOM: butterfly on damage
 10455 | D:3      | an eye of devastation changed into a glowing shapeshifter
 10455 | D:3      | Noticed a glowing shapeshifter (glowing shapeshifter)
 10456 | D:3      | a glowing shapeshifter changed into a spark wasp
 10456 | D:3      | Noticed a spark wasp (glowing shapeshifter)
 10458 | D:3      | Slain by a spark wasp (glowing shapeshifter)

Illustrated notes

Levels and vault maps discovered:
D:1:      dpeg_arrival_houses_and_road, layout_rooms, nrook_mini_backslash
D:2:      layout_basic, basic_altar, roderic_roman_lattice, minmay_snake_closets
D:3:      layout_rooms

Skill      XL: |  1  2  3  4 |
---------------+-------------+-----
Long Blades    | 3 |  3.2
Spellcasting   | 1 |  1.5
Conjurations   | 1 |  1.5
Hexes          | 1 |  1.5
Summonings     | 1 |  1.5
Necromancy     | 1 |  1.5
Translocations | 1 |  1.5
Transmutations | 1 |  1.5
Fire Magic     | 1 |  1.5
Ice Magic      | 1 |  1.5
Air Magic      | 1 |  1.5
Earth Magic    | 1 |  1.5
Poison Magic   | 1 |  1.5
Armour         | 2 |  2.1
Dodging        | 3 |  3.1
Fighting       | |  3.6

Action                     |  1- 3 |  4- 6 || total
---------------------------+-------+-------++-------
  Melee: Falchion          |    99 |   103 ||   202
  Evoke: Wand              |       |     2 ||     2
    Use: Potion            |       |     5 ||     5
 Armour: Leather armour    |    64 |    70 ||   134
  Dodge: Dodged            |    78 |    88 ||   166

Table legend: (Time is in decaauts)
 A = Elapsed time spent in this place.
 B = Non-inter-level travel time spent in this place.
 C = Inter-level travel time spent in this place.
 D = Time resting spent in this place.
 E = Time spent auto-exploring this place.
 F = Levels seen in this place.
 G = Mean time per level.
                   A        B        C        D        E       F      G
               +--------+--------+--------+--------+--------+-----+--------+
         Total |  10497 |  10429 |     68 |   8830 |   1099 |   3 | 3499.0 |
       Dungeon |  10497 |  10429 |     68 |   8830 |   1099 |   3 | 3499.0 |
               +--------+--------+--------+--------+--------+-----+--------+

Top non-repeatable levels by time:
     D:1: 7987 daAuts
     D:2: 2232 daAuts
     D:3: 277 daAuts
